 Dungeon Crawl Stone Soup version 0.24-a0-280-g7cec4da (webtiles) character file.

Game seed: 17309187996638974360

385 robertstho the Vandal (level 7, -9/45 HPs)
             Began as a Halfling Skald on May 8, 2019.
             Mangled by a wraith (13 damage)
             ... on level 4 of the Dungeon.
             The game lasted 00:06:46 (3941 turns).

robertstho the Vandal (Halfling Skald)              Turns: 3941, Time: 00:06:47

Health: -9/45      AC:  5    Str: 10 (12) XL:     7   Next: 6%
Magic:  9/9        EV: 22    Int:  9 (11) God:
Gold:   180        SH:  0    Dex: 20 (21) Spells: 4/9 levels left

rFire    . . .     SeeInvis .   f - +0 hunting sling
rCold    . . .     Gourm    .   (shield restricted)
rNeg     . . .     Faith    .   b - +0 leather armour
rPois    .         Spirit   .   (no helmet)
rElec    .         Reflect  .   p - +0 cloak
rCorr    .         Harm     .   (no gloves)
MR       .....                  k - +0 pair of boots
Stlth    +++.......             (no amulet)
HPRegen  0.15/turn              (no ring)
MPRegen  0.11/turn              (no ring)

@: agile, hasted and slowed
A: small, mutation resistance 1
a: no special abilities


You were on level 4 of the Dungeon.
You were not hungry.

You visited 1 branch of the dungeon, and saw 4 of its levels.
You also visited: Ossuary.

You collected 180 gold pieces.

Inventory:

Hand Weapons
 a - a +0 hand axe
 f - a +0 hunting sling (weapon)
 A - a +1 dagger of electrocution
Missiles
 c - 155 stones (quivered)
Armour
 b - a +0 leather armour (worn)
 k - a +0 pair of boots (worn)
 p - a +0 cloak (worn)
Wands
 C - a wand of disintegration (9)
Scrolls
 e - a scroll of amnesia
 g - 6 scrolls of teleportation
 j - a scroll of magic mapping
 l - 3 scrolls of remove curse {unknown}
 m - 8 scrolls of identify {unknown}
 o - 2 scrolls of blinking {unknown}
 q - a scroll of enchant armour {unknown}
 r - a scroll of enchant weapon {unknown}
Potions
 h - a potion of heal wounds {unknown}
 i - a potion of might {unknown}
 n - 3 potions of brilliance {unknown}
 s - a potion of cancellation {unknown}
 v - a potion of lignification
 w - a potion of agility
Comestibles
 d - 9 rations


   Skills:
 + Level 2.2 Fighting
 + Level 2.4 Axes
 * Level 6.3 Slings
 + Level 1.7 Armour
 * Level 4.2 Dodging
 + Level 1.7 Stealth
 + Level 1.6 Spellcasting
 + Level 3.5 Charms


You had 4 spell levels left.
You knew the following spells:

 Your Spells              Type           Power        Failure   Level  Hunger
a - Infusion              Chrm           #...         11%         1    ##.....
b - Song of Slaying       Chrm           #.......     16%         2    ###....
c - Shroud of Golubria    Chrm/Tloc      #.........   32%         2    ###....

Your spell library contained the following spells:

 Spells                   Type           Power        Failure   Level  Hunger
 Regeneration             Chrm/Necr      #.........   54%         3    ####...
 Spectral Weapon          Hex/Chrm       #.......     54%         3    ####...


Dungeon Overview and Level Annotations

Branches:
Dungeon (4/15)
 Temple: D:4-7

Altars:
Nemelex Xobeh
Wu Jian


Innate Abilities, Weirdness & Mutations

You are small and have problems with some larger weapons.
You are somewhat resistant to further mutation.


Message History

It was a potion of magic.
Magic courses through your body. The wraith hits you!
* * * LOW HITPOINT WARNING * * *
It was a potion of agility.
You feel agile all of a sudden. The wraith closely misses you.
The wraith completely misses you.
It was a potion of haste.
You feel yourself speed up. The wraith hits you.
* * * LOW HITPOINT WARNING * * *
There is an open gate here.
There is a gate leading back out of this place here.
The wraith hits you!
* * * LOW HITPOINT WARNING * * *
Welcome back to the Dungeon!
There is a collapsed entrance here.
As you read the scroll labeled LAKEUW EMNOAX, it crumbles to dust.
You assume a fearsome visage.
The wraith is unaffected.
It was a scroll of fear.
The wraith completely misses you.
As you read the scroll labeled YWNEOC FAUMPU, it crumbles to dust.
You experience a momentary feeling of inescapable doom!
It was a scroll of random uselessness.
The wraith hits you!
You die...

*,****,* #,* *.*
******* #.*
*'####***',** #.##
*#...#,,,*,,****#...
*.>.#,>,**,,,,.....
*...*,,,******#####
#####*### #
#...#...# #
#.@.#.>.# ######
##W..#...#* #.....
#'####**#+# #.####
#.#### #.# #.*
#.##.# #.# #.*
#....# #.# ##.##
####.####.####...###
#................
######.####...###


You could see a wraith.

Vanquished Creatures
  A bullfrog skeleton (D:4)
  An orc wizard (D:4)
  An orc priest (D:4)
  Ijyb (D:3)
  3 worker ants (D:4)
  A mummy (Ossuary)
  8 adders
  An ooze (D:2)
  4 worms
  5 dart slugs
  5 leopard geckos
  7 orcs
  3 giant cockroaches
  2 goblins
  9 hobgoblins
  5 jackals
  A quokka (D:3)
  A ball python (D:1)
  7 bats
  5 frilled lizards
  5 gnoll skeletons (Ossuary)
  5 kobolds
  A kobold skeleton (Ossuary)
  3 orc skeletons (Ossuary)
  A quokka skeleton (D:4)
  5 rats (D:1)
91 creatures vanquished.

Notes
Turn   | Place    | Note
-------+----------+-------------------------------------------
     0 | D:1      | robertstho the Halfling Skald began the quest for the Orb.
     0 | D:1      | Reached XP level 1. HP: 14/14 MP: 3/3
   220 | D:1      | Reached XP level 2. HP: 17/19 MP: 4/4
   447 | D:1      | Reached XP level 3. HP: 23/24 MP: 5/5
   814 | D:2      | Reached skill level 1 in Stealth
   961 | D:2      | Reached XP level 4. HP: 19/29 MP: 6/6
  1119 | D:2      | Reached skill level 1 in Slings
  1480 | D:2      | Reached skill level 2 in Slings
  1835 | D:2      | Reached XP level 5. HP: 34/34 MP: 7/7
  2116 | D:3      | Reached skill level 3 in Slings
  2283 | D:3      | Noticed Ijyb
  2295 | D:3      | Paralysed by Ijyb for 4 turns
  2300 | D:3      | Paralysed by Ijyb for 4 turns
  2310 | D:3      | Paralysed by Ijyb for 3 turns
  2323 | D:3      | Paralysed by Ijyb for 6 turns
  2333 | D:3      | Killed Ijyb
  2435 | D:3      | Learned a level 2 spell: Song of Slaying
  2438 | D:3      | Learned a level 2 spell: Shroud of Golubria
  2702 | D:3      | Reached skill level 4 in Slings
  2969 | D:4      | Reached XP level 6. HP: 17/39 MP: 8/8
  3043 | D:4      | Reached skill level 5 in Slings
  3251 | D:4      | Found an ornate altar of the Wu Jian Council.
  3290 | D:4      | Found a sparkling altar of Nemelex Xobeh.
  3359 | D:4      | Reached skill level 6 in Slings
  3440 | D:4      | Reached XP level 7. HP: 5/45 MP: 9/9
  3532 | D:4      | Found a sand-covered staircase.
  3537 | Ossuary  | Entered an ossuary
  3537 | Ossuary  | Noticed a wraith
  3537 | Ossuary  | Noticed a wraith
  3537 | Ossuary  | Noticed a wraith
  3893 | Ossuary  | Noticed a wraith
  3941 | D:4      | Mangled by a wraith

Levels and vault maps discovered:
D:1:      evilmike_arrival_run_for_it, layout_rooms
D:2:      layout_basic, minmay_tetromino_s2
D:3:      layout_basic, kennysheep_nondescript, palyth_stone_intersect,
          uniq_ijyb
D:4:      layout_loops_ring, nicolae_overflow_hidden_temple,
          nemelex_xobeh_ov_fountains_minmay,
          nicolae_ossuary_entry_false_entrances, first_ration

Skill      XL: |  1  2  3  4  5  6 |
---------------+-------------------+-----
Fighting       | 2 |  2.2
Stealth        | 1 |  1.7
Slings         | 2 4 6 |  6.3
Dodging        | 3 4 |  4.2
Axes           | |  2.4
Armour         | |  1.7
Spellcasting   | |  1.6
Charms         | |  3.5

Action                   |  1- 3 |  4- 6 |  7- 9 || total
-------------------------+-------+-------+-------++-------
Melee: Hand axe          |    90 |       |       ||    90
 Fire: Hunting sling     |    30 |   344 |    46 ||   420
 Cast: Infusion          |       |     1 |       ||     1
       Shroud of Golubri |       |     1 |       ||     1
  Use: Potion            |       |     3 |     3 ||     6
       Scroll            |       |       |     5 ||     5
 Stab: Sleeping          |     1 |       |       ||     1
  Eat: Chunk             |       |     8 |     1 ||     9
Armor: Leather armour    |    30 |    39 |     1 ||    70
       Skin              |       |    11 |       ||    11
Dodge: Dodged            |    97 |   158 |    15 ||   270

Table legend:
 A = Non-vault XP
 B = Vault XP
 C = Vault XP percentage of total XP
 D = Non-vault monster count
 E = Vault monster count
 F = Vault count percentage of total count
                 A         B        C        D         E       F
            +---------+---------+-------+---------+---------+-------
      Total |     468 |      83 |  15.1 |      77 |      14 |  15.4
            +---------+---------+-------+---------+---------+-------
        D:1 |      41 |       5 |  10.9 |      23 |       1 |   4.2
        D:2 |      80 |      15 |  15.8 |      23 |       2 |   8.0
        D:3 |      23 |      36 |  61.0 |       9 |       1 |  10.0
        D:4 |     324 |       0 |   0.0 |      22 |       0 |   0.0
    Ossuary |       0 |      27 | 100.0 |       0 |      10 | 100.0
            +---------+---------+-------+---------+---------+-------
